UAA
SANTA BARBARA STREAK @ PHOENIX HOTSPUR YOUTH
08/12/2017
 
TOP OF THE 1ST
Santa Barbara Streak batting - Pitching for Phoenix Hotspur Youth : LHP Elroy Gardner
Pitching: LHP Elroy Gardner
Batting: SHB Terry Conley 0-0: Called Strike
0-1: Ball
1-1: Ball
2-1: Fly out, F9 (Flyball, 89M)
Batting: RHB Wayne Cameron 0-0: Foul Ball, location: 2F
0-1: Fly out, F5 (Popup, 5)
Batting: RHB Jason Shaffer 0-0: Foul Ball, location: 2F
0-1: Fly out, F6 (Popup, 6)
Top of the 1st over - 0 run(s), 0 hit(s), 0 error(s), 0 left on base; Santa Barbara 0 - Phoenix Hotspur 0
BOTTOM OF THE 1ST
Phoenix Hotspur Youth batting - Pitching for Santa Barbara Streak : LHP Bill Washington
Pitching: LHP Bill Washington
Batting: RHB Alejandro Ibarra 0-0: SINGLE (Groundball, 6M)
Batting: LHB Alberto Torres 0-0: Ball
1-0: Ball
2-0: Ball
3-0: Called Strike
3-1: Fly out, F8 (Flyball, 78M)
Batting: RHB Phil Terry 0-0: Grounds into double play, 5-4-3 (Groundball, 56)
Bottom of the 1st over - 0 run(s), 1 hit(s), 0 error(s), 0 left on base; Santa Barbara 0 - Phoenix Hotspur 0
TOP OF THE 2ND
Santa Barbara Streak batting - Pitching for Phoenix Hotspur Youth : LHP Elroy Gardner
Batting: RHB Greg Hart 0-0: Swinging Strike
0-1: Foul Ball, location: 2F
0-2: SINGLE (Groundball, 56D)
Batting: SHB Joe Mueller 0-0: Reached on Error, E9 (Flyball, 9M)
Greg Hart to second
Batting: RHB Michael Hicks 0-0: Ball
1-0: Grounds into double play, 4-6-3 (Groundball, 34)
Greg Hart to third
Batting: RHB Bryan Armstrong 0-0: Called Strike
0-1: Ball
1-1: Swinging Strike
1-2: Ball
2-2: Foul Ball, location: 2F
2-2: Ground out 5-3 (Groundball, 5)
Top of the 2nd over - 0 run(s), 1 hit(s), 1 error(s), 1 left on base; Santa Barbara 0 - Phoenix Hotspur 0
BOTTOM OF THE 2ND
Phoenix Hotspur Youth batting - Pitching for Santa Barbara Streak : LHP Bill Washington
Batting: LHB Mike Pace 0-0: Ball
1-0: Ball
2-0: Ball
3-0: Base on Balls
Batting: RHB Nick Reed 0-0: Ball
1-0: Ball
2-0: Foul Ball, location: 2F
2-1: Foul Ball, location: 2F
2-2: Foul Ball, location: 2F
2-2: Foul Ball, location: 2F
2-2: Foul Ball, location: 2F
2-2: Foul Ball, location: 2F
2-2: 2-RUN HOME RUN (Line Drive, 7D), Distance : 382 ft
Batting: LHB José Villarreal 0-0: Called Strike
0-1: Called Strike
0-2: Ball
1-2: Strikes out swinging
Batting: RHB Bob McNeil 0-0: Called Strike
0-1: Ball
1-1: Ball
2-1: Ball
3-1: DOUBLE (Flyball, 8RXD)
Batting: LHB Torquato Villani 0-0: Ball
1-0: SINGLE (Line Drive, 89S)
Bob McNeil to third
Runner from 3rd tries for Home, throw and OUT!
Torquato Villani to second
Batting: SHB Jesús González 0-0: Fly out, F8 (Flyball, 8LM)
Bottom of the 2nd over - 2 run(s), 3 hit(s), 0 error(s), 1 left on base; Santa Barbara 0 - Phoenix Hotspur 2
TOP OF THE 3RD
Santa Barbara Streak batting - Pitching for Phoenix Hotspur Youth : LHP Elroy Gardner
Batting: SHB Michael Coleman 0-0: Foul Ball, location: 2F
0-1: Foul Ball, location: 2F
0-2: Foul Ball, location: 2F
0-2: Ball
1-2: Ball
2-2: Ball
3-2: SINGLE (Groundball, 56)
Batting: SHB Charles Harris 0-0: Ball
1-0: Ball
2-0: Ball
3-0: Base on Balls
Michael Coleman to second
Batting: SHB Terry Conley 0-0: Foul Ball, location: 2F
0-1: Ball
1-1: Swinging Strike
1-2: Foul Ball, location: 2F
1-2: TRIPLE (Flyball, 9LM)
Michael Coleman scores
Charles Harris scores
Batting: RHB Wayne Cameron 0-0: Ball
1-0: Ball
2-0: Foul Ball, location: 2F
2-1: Foul Ball, location: 2F
2-2: Ground out 2-3 (Groundball, 25)
Batting: RHB Jason Shaffer 0-0: Ball
1-0: Called Strike
1-1: Ball
2-1: Ball
3-1: Ground out 4-3 (Groundball, 4M)
Terry Conley scores
Batting: RHB Greg Hart 0-0: Called Strike
0-1: Foul Ball, location: 2F
0-2: Foul Ball, location: 2F
0-2: Ball
1-2: Ball
2-2: Foul Ball, location: 2F
2-2: Ground out 5-3 (Groundball, 56)
Top of the 3rd over - 3 run(s), 2 hit(s), 0 error(s), 0 left on base; Santa Barbara 3 - Phoenix Hotspur 2
BOTTOM OF THE 3RD
Phoenix Hotspur Youth batting - Pitching for Santa Barbara Streak : LHP Bill Washington
Batting: RHB Alejandro Ibarra 0-0: Called Strike
0-1: Ball
1-1: Foul Ball, location: 2F
1-2: Foul Ball, location: 2F
1-2: Foul Ball, location: 2F
1-2: Strikes out swinging
Batting: LHB Alberto Torres 0-0: Swinging Strike
0-1: Called Strike
0-2: Ball
1-2: Strikes out swinging
Batting: RHB Phil Terry 0-0: Called Strike
0-1: Swinging Strike
0-2: SOLO HOME RUN (Flyball, 7D), Distance : 375 ft
Batting: LHB Mike Pace 0-0: Called Strike
0-1: Ground out 4-3 (Groundball, 34)
Bottom of the 3rd over - 1 run(s), 1 hit(s), 0 error(s), 0 left on base; Santa Barbara 3 - Phoenix Hotspur 3
TOP OF THE 4TH
Santa Barbara Streak batting - Pitching for Phoenix Hotspur Youth : LHP Elroy Gardner
Batting: SHB Joe Mueller 0-0: DOUBLE (Line Drive, 8RXD)
Batting: RHB Michael Hicks 0-0: SINGLE (Groundball, 6MD)
Joe Mueller to third
Batting: RHB Bryan Armstrong 0-0: Fly out, F8 (Flyball, 8LM)
Runner from 3rd tags up, OUT at HOME
Michael Hicks to second
Batting: SHB Michael Coleman 0-0: Ball
1-0: Ball
2-0: SINGLE (Flyball, 9S)
Michael Hicks to third
Runner from 3rd tries for Home, SAFE, no throw or cutoff
Batting: SHB Charles Harris 0-0: Ball
1-0: Foul Ball, location: 2F
1-1: Ground out U3 (Groundball, 3)
Top of the 4th over - 1 run(s), 3 hit(s), 0 error(s), 1 left on base; Santa Barbara 4 - Phoenix Hotspur 3
BOTTOM OF THE 4TH
Phoenix Hotspur Youth batting - Pitching for Santa Barbara Streak : LHP Bill Washington
Batting: RHB Nick Reed 0-0: Called Strike
0-1: Called Strike
0-2: Strikes out swinging
Batting: LHB José Villarreal 0-0: Ball
1-0: Called Strike
1-1: Ball
2-1: Ball
3-1: Swinging Strike
3-2: Fly out, F9 (Flyball, 89M)
Batting: RHB Bob McNeil 0-0: SINGLE (Groundball, 4MD)
Batting: LHB Torquato Villani 0-0: Called Strike
0-1: Ball
1-1: Foul Ball, location: 2F
1-2: Fielders Choice at 2nd, U4 (Groundball, 4M)
Bottom of the 4th over - 0 run(s), 1 hit(s), 0 error(s), 1 left on base; Santa Barbara 4 - Phoenix Hotspur 3
TOP OF THE 5TH
Santa Barbara Streak batting - Pitching for Phoenix Hotspur Youth : LHP Elroy Gardner
Batting: SHB Terry Conley 0-0: Ball
1-0: Fly out, F3 (Popup, 3F)
Batting: RHB Wayne Cameron 0-0: Ball
1-0: Ball
2-0: Called Strike
2-1: Called Strike
2-2: Foul Ball, location: 2F
2-2: DOUBLE (Line Drive, 7LS)
Batting: RHB Jason Shaffer 0-0: Intentional Walk
Batting: RHB Greg Hart 0-0: Called Strike
0-1: Swinging Strike
0-2: Ball
1-2: Ball
2-2: Ball
3-2: Base on Balls
Wayne Cameron to third
Jason Shaffer to second
Batting: SHB Joe Mueller 0-0: Ball
1-0: Foul Ball, location: 2F
1-1: Foul Ball, location: 2F
1-2: Fly out, F9 (Flyball, 9LM)
Runner from 3rd tags up, SCORES, throw made
Pitching: LHP Corey Woods
Batting: RHB Michael Hicks 0-0: Ball
1-0: Ball
2-0: Ball
3-0: Called Strike
3-1: Foul Ball, location: 2F
3-2: Base on Balls
Jason Shaffer to third
Greg Hart to second
Batting: RHB Bryan Armstrong 0-0: Ball
1-0: Ball
2-0: Foul Ball, location: 2F
2-1: Foul Ball, location: 2F
2-2: Foul Ball, location: 2F
2-2: Fly out, F9 (Popup, 34D)
Top of the 5th over - 1 run(s), 1 hit(s), 0 error(s), 3 left on base; Santa Barbara 5 - Phoenix Hotspur 3
BOTTOM OF THE 5TH
Phoenix Hotspur Youth batting - Pitching for Santa Barbara Streak : LHP Bill Washington
Batting: SHB Jesús González 0-0: Called Strike
0-1: Ball
1-1: Foul Ball, location: 2F
1-2: Fly out, F7 (Line Drive, 7S)
Batting: RHB Alejandro Ibarra 0-0: Ball
1-0: Foul Ball, location: 2F
1-1: Foul Ball, location: 2F
1-2: Ball
2-2: Foul Ball, location: 2F
2-2: Strikes out swinging
Batting: LHB Alberto Torres 0-0: Ground out U3 (Groundball, 3)
Bottom of the 5th over - 0 run(s), 0 hit(s), 0 error(s), 0 left on base; Santa Barbara 5 - Phoenix Hotspur 3
TOP OF THE 6TH
Santa Barbara Streak batting - Pitching for Phoenix Hotspur Youth : LHP Corey Woods
Batting: SHB Michael Coleman 0-0: Called Strike
0-1: Ball
1-1: Foul Ball, location: 2F
1-2: Foul Ball, location: 2F
1-2: Fly out, F9 (Flyball, 89M)
Batting: SHB Charles Harris 0-0: Ball
1-0: Called Strike
1-1: Foul Ball, location: 2F
1-2: Ball
2-2: Ball
3-2: Strikes out swinging
Batting: SHB Terry Conley 0-0: Called Strike
0-1: Called Strike
0-2: Strikes out looking
Top of the 6th over - 0 run(s), 0 hit(s), 0 error(s), 0 left on base; Santa Barbara 5 - Phoenix Hotspur 3
BOTTOM OF THE 6TH
Phoenix Hotspur Youth batting - Pitching for Santa Barbara Streak : LHP Bill Washington
Batting: RHB Phil Terry 0-0: Ball
1-0: Foul Ball, location: 2F
1-1: Swinging Strike
1-2: Fly out, F9 (Flyball, 9LM)
Batting: LHB Mike Pace 0-0: Swinging Strike
0-1: Swinging Strike
0-2: Strikes out swinging
Batting: RHB Nick Reed 0-0: Foul Ball, location: 2F
0-1: Swinging Strike
0-2: Ball
1-2: Strikes out swinging
Bottom of the 6th over - 0 run(s), 0 hit(s), 0 error(s), 0 left on base; Santa Barbara 5 - Phoenix Hotspur 3
TOP OF THE 7TH
Santa Barbara Streak batting - Pitching for Phoenix Hotspur Youth : LHP Corey Woods
Batting: RHB Wayne Cameron 0-0: Called Strike
0-1: Fly out, F8 (Line Drive, 8LS)
Batting: RHB Jason Shaffer 0-0: Called Strike
0-1: Ball
1-1: Ground out 3-1 (Groundball, 34)
Batting: RHB Greg Hart 0-0: Swinging Strike
0-1: Ball
1-1: Ground out 6-3 (Groundball, 6)
Top of the 7th over - 0 run(s), 0 hit(s), 0 error(s), 0 left on base; Santa Barbara 5 - Phoenix Hotspur 3
BOTTOM OF THE 7TH
Phoenix Hotspur Youth batting - Pitching for Santa Barbara Streak : LHP Bill Washington
Batting: LHB José Villarreal 0-0: Foul Ball, location: 2F
0-1: Ball
1-1: Ball
2-1: Foul Ball, location: 2F
2-2: Ball
3-2: Foul Ball, location: 2F
3-2: Strikes out looking
Batting: RHB Bob McNeil 0-0: Ball
1-0: Called Strike
1-1: Ground out 6-3 (Groundball, 6)
Batting: LHB Torquato Villani 0-0: Ball
1-0: Foul Ball, location: 2F
1-1: Called Strike
1-2: DOUBLE (Line Drive, 78M)
Batting: SHB Jesús González 0-0: Called Strike
0-1: Ball
1-1: Ball
2-1: Called Strike
2-2: Foul Ball, location: 2F
2-2: SINGLE (Groundball, 6MD)
Torquato Villani to third
Runner from 3rd tries for Home, SAFE, no throw or cutoff
Pinch Hitting: RHB Jim Unknown 0-0: Ball
1-0: SINGLE (Groundball, 6MD)
Jesús González to second
Runner from 2nd tries for 3rd, SAFE, no throw or cutoff
Pitching: LHP Rafael Colón
Pinch Hitting: RHB Paul Campbell 0-0: Foul Ball, location: 2F
0-1: Ball
1-1: Foul Ball, location: 2F
1-2: Ball
2-2: Foul Ball, location: 2F
2-2: Ground out 1-3 (Groundball, 15)
Bottom of the 7th over - 1 run(s), 3 hit(s), 0 error(s), 2 left on base; Santa Barbara 5 - Phoenix Hotspur 4
TOP OF THE 8TH
Santa Barbara Streak batting - Pitching for Phoenix Hotspur Youth : LHP Corey Woods
Pitching: RHP Jesús Olvero
Now at 2B: Paul Campbell
Now in LF: Dave Wynn
Batting: SHB Joe Mueller 0-0: Ball
1-0: Ball
2-0: Ball
3-0: Foul Ball, location: 2F
3-1: Foul Ball, location: 2F
3-2: Ground out 6-3 (Groundball, 6M)
Batting: RHB Michael Hicks 0-0: Ball
1-0: Fly out, F7 (Flyball, 78M)
Batting: RHB Bryan Armstrong 0-0: Called Strike
0-1: Ball
1-1: Fly out, F7 (Line Drive, 78M)
Top of the 8th over - 0 run(s), 0 hit(s), 0 error(s), 0 left on base; Santa Barbara 5 - Phoenix Hotspur 4
BOTTOM OF THE 8TH
Phoenix Hotspur Youth batting - Pitching for Santa Barbara Streak : LHP Rafael Colón
Pitching: LHP Cliff Messer
Batting: RHB Phil Terry 0-0: SINGLE (Line Drive, 9S)
Batting: LHB Mike Pace 0-0: Ball
1-0: Ball
2-0: Called Strike
2-1: Ball
3-1: Base on Balls
Phil Terry to second
Pitching: RHP Jim Unknown
Pinch Hitting: RHB Shao-zu Zhang 0-0: Ball
1-0: Ground out 6-3 (Groundball, 6S)
Phil Terry to third
Mike Pace to second
Batting: LHB José Villarreal 0-0: Ball
1-0: Ball
2-0: Ball
3-0: Called Strike
3-1: Base on Balls
Batting: RHB Bob McNeil 0-0: Foul Ball, location: 2F
0-1: Ball
1-1: Ball
2-1: GRAND SLAM HOME RUN (Flyball, 7D), Distance : 382 ft
Pitching: RHP Jim Unknown
Batting: LHB Torquato Villani 0-0: Ball
1-0: Ground out 1-3 (Groundball, 34S)
Batting: SHB Jesús González 0-0: Foul Ball, location: 2F
0-1: Foul Ball, location: 2F
0-2: Ball
1-2: Strikes out swinging
Bottom of the 8th over - 4 run(s), 2 hit(s), 0 error(s), 0 left on base; Santa Barbara 5 - Phoenix Hotspur 8
TOP OF THE 9TH
Santa Barbara Streak batting - Pitching for Phoenix Hotspur Youth : RHP Jesús Olvero
Pitching: LHP Ray Davis
Now at 2B: Shao-zu Zhang
Batting: SHB Michael Coleman 0-0: Ground out 4-3 (Groundball, 4)
Batting: SHB Charles Harris 0-0: Ball
1-0: Ground out 1-3 (Groundball, 13)
Batting: SHB Terry Conley 0-0: Called Strike
0-1: DOUBLE (Flyball, 78M)
Batting: RHB Wayne Cameron 0-0: Ball
1-0: Swinging Strike
1-1: Ball
2-1: Ground out 4-3 (Groundball, 4)
Top of the 9th over - 0 run(s), 1 hit(s), 0 error(s), 1 left on base; Santa Barbara 5 - Phoenix Hotspur 8
This league is powered by Out of the Park Baseball, the baseball management simulation game for PC, Mac and Linux
Saturday, February 27th, 2021 - OOTP Baseball 15.6 Build 34